 Dungeon Crawl Stone Soup version 0.21-a0-51-gea492e9 (webtiles) character file.

1514 RebelPilot3124 the Shield-Bearer (level 8, -5/70 HPs)
             Began as a Minotaur Fighter on June 12, 2017.
             Killed from afar by an electric eel (13 damage)
             ... with a bolt of electricity
             ... on level 5 of the Dungeon.
             The game lasted 00:22:05 (4501 turns).

RebelPilot3124 the Shield-Bearer (Minotaur Fighter) Turns: 4501, Time: 00:22:06

Health: -5/70      AC: 12    Str: 22    XL:     8   Next: 53%
Magic:  7/7        EV:  5    Int:  5    God:
Gold:   222        SH: 11    Dex: 11    Spells: 7/7 levels left

rFire    . . .     SeeInvis .   k - +2 spear (venom)
rCold    . . .     Gourm    .   c - +0 shield
rNeg     . . .     Faith    .   o - +0 plate armour
rPois    .         Spirit   .   (helmet restricted)
rElec    .         Reflect  .   (no cloak)
rCorr    .         Harm     .   (no gloves)
MR       .....                  (no boots)
Stlth    ..........             (no amulet)
Regen    0.3/turn               (no ring)
MPRegen  0.1/turn               (no ring)

@: no status effects
A: retaliatory headbutt, horns 2
a: no special abilities


You were on level 5 of the Dungeon.
You were not hungry.

You visited 1 branch of the dungeon, and saw 5 of its levels.
You also visited: Ossuary.

You collected 222 gold pieces.

Inventory:

Hand Weapons
 a - a +0 flail
 k - a +2 spear of venom (weapon)
 q - a +0 dagger
 z - a +1 rapier of venom
 C - a cursed -2 giant club
Armour
 b - a +0 scale mail
 c - a +0 shield (worn)
 o - a +0 plate armour (worn)
Wands
 A - a wand of flame (19/48)
Scrolls
 e - a scroll of random uselessness {unknown}
 j - 5 scrolls of identify
 p - a scroll of magic mapping
 s - a scroll of enchant armour {unknown}
 u - a scroll of teleportation
 v - 2 scrolls of remove curse
 y - a scroll of noise {unknown}
Potions
 d - a potion of curing {unknown}
 f - a potion of brilliance {unknown}
 h - 2 potions of resistance {unknown}
 i - 4 potions of haste {unknown}
 l - a potion of ambrosia {unknown}
 n - a potion of mutation {unknown}
 r - 2 potions of lignification {unknown}
 t - a potion of might
 w - 2 potions of agility {unknown}
 x - 2 potions of berserk rage {unknown}
 B - a potion of heal wounds {unknown}
Comestibles
 g - 4 fruits
 m - 2 royal jellies


   Skills:
 + Level 6.1 Fighting
 + Level 4.7 Maces & Flails
 + Level 6.6 Polearms
 + Level 6.5 Armour
 + Level 1.8 Dodging
 + Level 0.6 Stealth
 + Level 7.2 Shields


You had 7 spell levels left.
You didn't know any spells.

Dungeon Overview and Level Annotations

Branches:
Dungeon (5/15)
 Temple: D:4-7

Altars:

Annotations:
D:5 1 transporter


Innate Abilities, Weirdness & Mutations

You reflexively headbutt those who attack you in melee.
You have a pair of horns on your head.


Message History

The electric eel shoots out a bolt of lightning at you!
The bolt of electricity hits you!
You open the door.
The electric eel shoots out a bolt of lightning at you!
The bolt of electricity hits you! x2
* * * LOW HITPOINT WARNING * * *
The bolt of electricity hits the electric eel.
The electric eel completely resists.
The electric eel shoots out a bolt of lightning at you!
The bolt of electricity hits you!
* * * LOW HITPOINT WARNING * * *
The electric eel shoots out a bolt of lightning at you!
The bolt of electricity hits you!
The electric eel shoots out a bolt of lightning at you!
The bolt of electricity hits you!
* * * LOW HITPOINT WARNING * * *
There is an open door here.
The electric eel shoots out a bolt of lightning at you!
The bolt of electricity hits you!
You die...

..)# ##.# ...#
.#.##################
....................#
#...###############.#
#...#8P#≈≈≈≈;≈≈#P8#.##
#...#..#.......#..#..##
#..©#..'...⌠...'@©#...#
#...#..#.......#..#...#
#...#8P#≈≈≈;≈≈≈#P8#.#.#
....###############.#.#
##..................#.#
#.###.##############.#
#...........########.#
#.###................#
#.# #######.####.#####


You could see 2 electric eels.

Vanquished Creatures
  A sky beast (D:5)
  A phantom (D:3)
  An ogre (D:5)
  3 centaurs
  4 crimson imps (D:5)
  2 centaur zombies
  A hound (D:4)
  4 orc wizards
  4 human zombies (Ossuary)
  A gnoll shaman (D:4)
  An orc priest (D:4)
  An iguana (D:5)
  Natasha (thrice) (D:4)
  2 worker ants
  2 big kobold zombies (Ossuary)
  A hound zombie (Ossuary)
  4 mummies
  A worker ant zombie (D:5)
  Robin (D:2)
  4 gnolls (D:4)
  3 adders
  2 shadow imps (D:5)
  An ooze (D:4)
  4 adder zombies (Ossuary)
  3 dart slugs (D:3)
  3 leopard geckos
  16 orcs
  10 bats
  5 giant cockroaches
  2 gnoll zombies (Ossuary)
  12 goblins
  8 hobgoblins
  8 jackals
  6 kobolds
  2 quokkas (D:3)
  A ball python zombie (D:5)
  5 frilled lizards
  2 goblin zombies (Ossuary)
  4 hobgoblin zombies (Ossuary)
  4 jackal zombies
  An orc zombie (Ossuary)
  3 quokka zombies (Ossuary)
  3 rats
  5 rat zombies (Ossuary)
155 creatures vanquished.

Notes
Turn   | Place    | Note
-------+----------+-------------------------------------------
     0 | D:1      | RebelPilot3124 the Minotaur Fighter began the quest for the Orb.
     0 | D:1      | Reached XP level 1. HP: 19/19 MP: 0/0
   186 | D:1      | Reached skill level 4 in Shields
   186 | D:1      | Reached XP level 2. HP: 26/27 MP: 1/1
   774 | D:2      | Reached XP level 3. HP: 33/33 MP: 2/2
   910 | D:2      | Noticed Robin
   920 | D:2      | Killed Robin
  1285 | D:3      | Noticed a centaur
  1288 | D:3      | Killed a centaur
  1288 | D:3      | Reached XP level 4. HP: 39/40 MP: 3/3
  1288 | D:3      | Reached XP level 5. HP: 45/46 MP: 4/4
  1386 | D:3      | Noticed a phantom
  1463 | D:3      | Killed a phantom
  1463 | D:3      | Reached skill level 1 in Polearms
  1463 | D:3      | Reached skill level 5 in Shields
  1492 | D:3      | Reached XP level 6. HP: 43/55 MP: 5/5
  1498 | D:3      | Found a faded altar of an unknown god.
  1546 | D:3      | Reached skill level 1 in Dodging
  1938 | D:4      | Noticed Natasha
  1947 | D:4      | Killed Natasha
  1995 | D:4      | Found a sand-covered staircase.
  2014 | Ossuary  | Entered an ossuary
  2103 | Ossuary  | Reached skill level 5 in Armour
  2148 | Ossuary  | Reached skill level 5 in Fighting
  2193 | Ossuary  | Reached XP level 7. HP: 57/61 MP: 6/6
  2472 | D:4      | Noticed Natasha
  2477 | D:4      | Killed Natasha
  2603 | D:4      | Noticed Natasha
  2611 | D:4      | Killed Natasha
  2821 | D:4      | Reached skill level 5 in Polearms
  2821 | D:4      | Reached skill level 6 in Shields
  3117 | D:5      | Entered Level 5 of the Dungeon
  3156 | D:5      | Found a transporter.
  3471 | D:5      | Reached XP level 8. HP: 30/70 MP: 7/7
  4145 | D:5      | Found a transporter.
  4255 | D:5      | Reached skill level 7 in Shields
  4501 | D:5      | Killed from afar by an electric eel

Vault maps used:
D:1:      dpeg_arrival_snail, st_stairs_6
D:2:      first_bread, uniq_robin
D:3:      minmay_diamond_boxcup, chequers_ecumenical_altar_island,
          solitary_fountain
D:4:      gup_ossuary_entry_pyramid, uniq_natasha
D:5:      gammafunk_steamed_eel
Ossuary:  minmay_ossuary_two_tombs

Skill      XL: |  1  2  3  4  5  6  7  8 |
---------------+-------------------------+-----
Shields        | 4 5 6 7 |  7.2
Fighting       | 4 5 6 |  6.1
Armour         | 4 5 6 |  6.5
Maces & Flails | 4 |  4.7
Polearms       | 1 3 5 6 |  6.6
Dodging        | 1 |  1.8
Stealth        | |  0.6

Action                   |  1- 3 |  4- 6 |  7- 9 || total
-------------------------+-------+-------+-------++-------
Melee: Flail             |    82 |     9 |       ||    91
       Headbutt          |     7 |    33 |    58 ||    98
       Spear             |       |   172 |   240 ||   412
  Use: Potion            |     1 |       |       ||     1
       Scroll            |       |     8 |     1 ||     9
  Eat: Bread ration      |     1 |       |     1 ||     2
       Meat ration       |       |       |     1 ||     1
Armor: Scale mail        |    46 |    29 |       ||    75
       Plate armour      |       |    43 |   112 ||   155
Dodge: Dodged            |    36 |    55 |    44 ||   135
Block: Shield            |    56 |    71 |   113 ||   240
